 Dungeon Crawl Stone Soup version 0.30.1-3-gfc49f6343a (webtiles) character file.

Game seed: 703376619450906854

5660 monsoonserge the Blocker (level 10, -3/86 HPs)
             Began as a Minotaur Berserker on Aug 9, 2023.
             Was an Elder of Trog.
             Succumbed to a green ugly thing's poison
             ... on level 7 of the Dungeon.
             The game lasted 00:24:55 (7455 turns).

monsoonserge the Blocker (Minotaur Berserker)       Turns: 7455, Time: 00:24:56

Health: -3/86      AC:  7    Str: 26    XL:     10   Next: 47%
Magic:  9/9        EV: 10    Int:  4    God:    Trog [****..]
Gold:   332        SH: 15    Dex: 10    Spells: 9/9 levels left

rFire   + . .        r - +0 trident
rCold   + . .        o - +0 tower shield
rNeg    . . .        y - +0 acid dragon scales
rPois   .            (helmet restricted)
rElec   .            u - scarf {rC+ rF+}
rCorr   +            (no gloves)
SInv    .            (no boots)
Will    .....        (no amulet)
Stlth   +            (no ring)
HPRegen 0.34/turn    (no ring)
MPRegen 0.11/turn

%: no passive effects
@: lethally poisoned (-3 -> -25), on berserk cooldown, slowed, very slow
A: horns 2, retaliatory headbutt, MP-powered wands
a: Renounce Religion, Berserk, Trog's Hand, Brothers in Arms


You were on level 7 of the Dungeon.
You worshipped Trog.
Trog was greatly pleased with you.
You visited 2 branches of the dungeon, and saw 9 of its levels.

You collected 332 gold pieces.

Inventory:

Hand Weapons
 k - a +0 sling
 p - a +0 morningstar
 r - a +0 trident (weapon)
 s - a +2 whip of draining
 x - a +2 heavy shortbow
Missiles
 m - 18 poisoned darts (quivered)
Armour
 e - a +2 robe of positive energy
 o - a +0 tower shield (worn)
 t - a +2 ring mail of fire resistance
 u - a scarf of resistance (worn)
 y - +0 acid dragon scales (worn)
 C - a +0 leather armour of positive energy
Jewellery
 i - a ring of fire
Wands
 z - a wand of polymorph (2)
 D - a wand of flame (28)
Scrolls
 a - 2 scrolls of poison {unknown}
 d - 9 scrolls of identify {unknown}
 g - a scroll of acquirement {unknown}
 h - 5 scrolls of teleportation {unknown}
 l - 2 scrolls of magic mapping {unknown}
 n - 2 scrolls of fear {unknown}
 q - 3 scrolls of vulnerability {unknown}
 w - a scroll of noise {unknown}
 B - a scroll of summoning {unknown}
 E - a scroll of blinking {unknown}
 F - a scroll of enchant weapon {unknown}
Potions
 b - 2 potions of flight
 c - 4 potions of heal wounds
 f - 3 potions of mutation
 j - 4 potions of curing
 v - a potion of invisibility {unknown}
 A - a potion of attraction {unknown}


   Skills:
 + Level 7.6 Fighting
 - Level 4.0(8.4) Axes
 - Level 2.8(3.8) Maces & Flails
 * Level 11.1(11.4) Polearms
 + Level 1.0 Throwing
 + Level 6.2 Armour
 - Level 3.0 Dodging
 * Level 11.3 Shields


You had 9 spell levels left.
You didn't know any spells.
Your spell library contained the following spells:

 Spells                   Type           Power      Damage    Failure   Level
 Apportation              Tloc           0%         N/A       90%         1
 Necrotise                Necr           0%         1d4       90%         1
 Summon Small Mammal      Summ           0%         N/A       90%         1
 Blink                    Tloc           0%         N/A       97%         2
 Sublimation of Blood     Necr           0%         N/A       97%         2
 Wereblood                Tmut           0%         N/A       97%         2
 Manifold Assault         Tloc           0%         N/A       100%        4
 Storm Form               Tmut/Air       0%         N/A       100%        7
 Summon Hydra             Summ           0%         N/A       100%        7


Dungeon Overview and Level Annotations

Branches:
Dungeon (8/15)             Temple (1/1) D:7
   Lair: D:8-11

Altars:
Ashenzari
Cheibriados
Dithmenos
Elyvilon
Fedhas
Gozag
Hepliaklqana
Kikubaaqudgha
Makhleb
Nemelex Xobeh
Okawaru
Qazlal
Ru
Sif Muna
Trog
Uskayaw
Vehumet
Wu Jian
Xom
Yredelemnul
Zin
The Shining One

Shops:
D:1 *

Annotations:
D:5 2 transporters


Innate Abilities, Weirdness & Mutations

You have a pair of horns on your head.
You reflexively headbutt those who attack you in melee.
You expend magic power (3 MP) to strengthen your wands.


Message History

You are lethally poisoned!
The green ugly thing poisons you!
You are too berserk!
You impale the green ugly thing!!
You kill the green ugly thing!
Trog accepts your kill.
* * * LOW HITPOINT WARNING * * *
You feel extremely sick.
Your Polearms skill increases to level 11!
You closely miss the vampire mosquito.
* * * LOW HITPOINT WARNING * * *
You feel extremely sick.
You block the vampire mosquito's attack.
You puncture the vampire mosquito!
Your headbutt misses the vampire mosquito.
The vampire mosquito is heavily damaged.
* * * LOW HITPOINT WARNING * * *
You feel very sick.
The vampire mosquito bites you but does no damage.
You puncture the vampire mosquito! You headbutt the vampire mosquito.
You destroy the vampire mosquito!
Trog accepts your kill.
* * * LOW HITPOINT WARNING * * *
You feel very sick.
Okay, then.
* * * LOW HITPOINT WARNING * * *
You feel very sick.
There is an open door, spattered with blood here.
You see here a vampire mosquito corpse.
Expiring: You are possessed by a berserker rage.
You are lethally poisoned (4 -> -21).
Your movement speed is very quick.
Your attack delay is about 0.6 (and is slowed by your shield).
Your damage rating with your +0 trident is about 17 (Base 9 x 140% (Str) x 137% (Skill)).
You feel a strong urge to attack something.
* * * LOW HITPOINT WARNING * * *
You feel very sick.
You are no longer berserk.
You are exhausted.
You feel yourself slow down.
You die...

.#)####..#.##.##.###.#.### ####..
.......)#.#..#...##.#..##########
..###.##.#.#####..####..........)
........#()#....#.# #...........
..##.###.).##.##..#.##...........
.........#####...................
.###)###.#.#.#.#######...........
.#P...P#.##..#.#.....#...........
.#.###.#.#...#.#@###)#...........
.#.#(#.#..#.#..†.#?+.#...........
.#.#'#.#.#..##.#.###.#...........
.#P...P#..#.##.#P...P#...........
.#######.##.#..#######...........
.............................
......####.......############
#.......# #.......# #...
#.......# #.......# #.##


There were no monsters in sight!

Vanquished Creatures
  2 ugly things (D:7)
  A gargoyle (D:7)
  Maggie (D:7)
  A komodo dragon (D:5)
  A troll (D:5)
  Grinder (D:5)
  2 slime creatures (D:7)
  Eustachio (D:6)
  A vampire mosquito (D:7)
  2 water moccasins
  A sky beast (D:7)
  8 ogres
  2 centaurs
  Blork the orc (D:4)
  A kobold brigand (D:6)
  4 bullfrogs
  4 scorpions
  5 wights
  2 killer bees
  A howler monkey (D:6)
  2 jellies
  3 hounds
  2 orc priests
  2 gnoll boudas
  5 iguanas
  3 sleepcaps
  3 orc wizards
  Robin (D:3)
  5 gnolls (D:6)
  9 adders
  A shadow imp (D:7)
  2 white imps
  A worm (D:3)
  2 dart slugs
  36 orcs
  7 bats
  A bat zombie (D:2)
  6 endoplasms
  2 giant cockroaches
  7 hobgoblins
  5 jackals
  11 kobolds
  2 quokkas
  4 ball pythons
  A ball python zombie (D:2)
  2 frilled lizards
  27 goblins
  2 jackal zombies (D:2)
  A quokka zombie (D:2)
  9 rats
206 creatures vanquished.

Notes
Turn   | Place    | Note
-------+----------+-------------------------------------------
     0 | D:1      | monsoonserge the Minotaur Berserker began the quest for the
                  | Orb.
     0 | D:1      | Reached XP level 1. HP: 19/19 MP: 0/0
    53 | D:1      | Found Vaberali's General Store.
   267 | D:1      | Reached XP level 2. HP: 26/27 MP: 1/1
  1053 | D:2      | Reached XP level 3. HP: 30/34 MP: 2/2
  1150 | D:2      | Found a burning altar of Makhleb.
  1182 | D:2      | Reached ** piety under Trog
  1309 | D:2      | You fall into a shaft and drop 1 floor!
  1421 | D:3      | Reached skill level 1 in Shields
  1447 | D:3      | Reached XP level 4. HP: 41/41 MP: 3/3
  1896 | D:3      | Reached skill level 1 in Maces & Flails
  2110 | D:3      | Reached XP level 5. HP: 47/47 MP: 4/4
  2507 | D:3      | Reached *** piety under Trog
  2519 | D:3      | Noticed Robin
  2542 | D:3      | Killed Robin
  2544 | D:3      | Reached skill level 5 in Fighting
  2723 | D:4      | Noticed an ogre
  2729 | D:4      | Killed an ogre
  2730 | D:4      | Reached XP level 6. HP: 56/56 MP: 5/5
  2819 | D:4      | Noticed a water moccasin
  2825 | D:4      | Killed a water moccasin
  2853 | D:4      | Noticed Blork the orc
  2914 | D:4      | Killed Blork the orc
  3044 | D:4      | Reached skill level 1 in Polearms
  3044 | D:4      | Reached skill level 5 in Shields
  3044 | D:4      | Reached XP level 7. HP: 56/61 MP: 6/6
  3112 | D:4      | Found an ancient bone altar of Kikubaaqudgha.
  3376 | D:5      | Entered Level 5 of the Dungeon
  3399 | D:5      | Found a transporter.
  3421 | D:5      | Found a transporter.
  3454 | D:5      | Reached skill level 5 in Armour
  3712 | D:5      | Found a hide-covered altar of Uskayaw.
  3712 | D:5      | Noticed a troll
  3750 | D:6      | Noticed Eustachio
  3767 | D:6      | Killed Eustachio
  3769 | D:6      | Reached XP level 8. HP: 58/69 MP: 7/7
  3788 | D:6      | Gained mutation: Your body sometimes deteriorates upon
                  | taking damage. [potion of mutation]
  3788 | D:6      | Lost mutation: Your body sometimes deteriorates upon taking
                  | damage. [potion of mutation]
  3788 | D:6      | Gained mutation: You expend magic power (3 MP) to
                  | strengthen your wands. [potion of mutation]
  4445 | D:6      | Reached skill level 5 in Polearms
  4817 | D:5      | Reached **** piety under Trog
  4830 | D:5      | Found a burning altar of Makhleb.
  4832 | D:5      | Noticed a komodo dragon
  4847 | D:5      | Killed a komodo dragon
  4948 | D:5      | Noticed Grinder
  4966 | D:5      | Paralysed by Grinder for 2 turns
  4976 | D:5      | Killed Grinder
  4977 | D:5      | Reached XP level 9. HP: 58/77 MP: 8/8
  5046 | D:5      | Found a white marble altar of Elyvilon.
  5066 | D:5      | Found a hide-covered altar of Uskayaw.
  5317 | D:5      | Killed a troll
  6030 | D:7      | Noticed Maggie
  6053 | D:7      | Killed Maggie
  6054 | D:7      | Reached skill level 1 in Throwing
  6383 | D:7      | Noticed a gargoyle
  6396 | D:7      | Reached skill level 10 in Shields
  6404 | D:7      | Killed a gargoyle
  6542 | D:7      | Found a staircase to the Ecumenical Temple.
  6553 | D:7      | Reached XP level 10. HP: 73/86 MP: 9/9
  6574 | Temple   | Entered the Ecumenical Temple
  6824 | D:8      | Reached skill level 10 in Polearms
  6925 | D:7      | Noticed a cyan ugly thing
  6953 | D:7      | Killed a cyan ugly thing
  7428 | D:7      | Noticed a green ugly thing
  7449 | D:7      | Killed a green ugly thing
  7453 | D:7      | HP: 4/129 [poisoned by a green ugly thing]
  7454 | D:7      | HP: 1/129 [poisoned by a green ugly thing]
  7455 | D:7      | Succumbed to a green ugly thing's poison

Illustrated notes

Levels and vault maps discovered:
D:1:      dpeg_arrival_tiny_k, layout_basic, serial_shops,
          nicolae_shop_statue_plus, minmay_misc_feat_secret_circle
D:2:      layout_loops_ring, basic_altar, serial_undead, serial_undead_e,
          serial_undead_a, serial_undead_b, serial_undead_f,
          minmay_split_cup_small
D:3:      kennysheep_goblin_castle, layout_rooms,
          wander_ebering_terrifying_dragon_lair
D:4:      layout_loops_ring, mainiacjoe_overflow_alcove_4, uniq_blork_the_orc
D:5:      gammafunk_steamed_eel, layout_basic, mainiacjoe_overflow_swirl,
          hangedman_feature_mirror, uniq_grinder, uniq_menkaure
D:6:      layout_rooms, dk_vineyard_1, uniq_eustachio
D:7:      layout_basic, minmay_temple_entry_sparse_star,
          minmay_shattered_shrine, uniq_maggie
D:8:      layout_rooms, gammafunk_ghost_grave, kennysheep_minor_cross,
          uniq_erica
Temple:   hellmonk_temple_of_storms

Skill      XL: |  1  2  3  4  5  6  7  8  9 10 |
---------------+-------------------------------+-----
Axes           | 4 |  4.0
Fighting       | 4 5 6 7 |  7.6
Armour         | 3 4 5 6 |  6.2
Shields        | 1 2 3 5 6 8 10 11 | 11.3
Dodging        | 3 |  3.0
Maces & Flails | 1 2 |  2.8
Polearms       | 1 4 7 9 11 | 11.1
Throwing       | 1 |  1.0

Action                     |  1- 3 |  4- 6 |  7- 9 | 10-12 || total
---------------------------+-------+-------+-------+-------++-------
  Melee: Hand axe          |    92 |       |       |       ||    92
         Headbutt          |     9 |    17 |    59 |    22 ||   107
         Morningstar       |       |    77 |       |       ||    77
         Whip              |       |    61 |       |       ||    61
         Trident           |       |    25 |   303 |   120 ||   448
  Throw: Dart              |       |       |    13 |     1 ||    14
 Invoke: Berserk           |     1 |     2 |     2 |     1 ||     6
         Trog's Hand       |     1 |     1 |     3 |       ||     5
    Use: Potion            |       |       |     8 |       ||     8
 Armour: Animal skin       |     3 |       |       |       ||     3
         Ring mail         |    24 |    35 |    80 |       ||   139
         Chain mail        |     1 |    42 |       |       ||    43
         Acid dragon scale |       |       |     7 |    12 ||    19
  Dodge: Dodged            |    52 |    53 |   111 |    29 ||   245
  Block: Tower shield      |    12 |   122 |   235 |    67 ||   436
